 Dungeon Crawl Stone Soup version 0.26.1-2-gb8aa6d0cf2 (webtiles) character file.

Game seed: 4049251768417181185

50 jlumianski the Skirmisher (level 3, -3/33 HPs)
             Began as a Palentonga Fighter on Mar 3, 2021.
             Slain by an adder (4 damage)
             ... on level 2 of the Dungeon.
             The game lasted 00:03:59 (620 turns).

jlumianski the Skirmisher (Palentonga Fighter)       Turns: 620, Time: 00:04:00

Health: -3/33      AC:  6    Str: 20    XL:     3   Next: 55%
Magic:  3/3        EV:  5    Int:  8    God:
Gold:   43         SH:  8    Dex:  9    Spells: 2/2 levels left

rFire    . . .     SeeInvis +   a - +0 war axe
rCold    . . .     Faith    .   c - +0 kite shield
rNeg     . . .     Spirit   .   b - +0 scale mail
rPois    .         Reflect  .   (no helmet)
rElec    .         Harm     .   (no cloak)
rCorr    .         Rampage  .   (no gloves)
Will     .....                  (no barding)
Stlth    ..........             (no amulet)
HPRegen  0.11/turn              (no ring)
MPRegen  0.08/turn              (no ring)

@: mighty
A: large, rugged brown scales 3, see invisible, deformed body, roll 1, armoured
tail
a: Rolling Charge


You were on level 2 of the Dungeon.
You visited 1 branch of the dungeon, and saw 2 of its levels.

You collected 43 gold pieces.

Inventory:

Hand Weapons
 a - a +0 war axe (weapon)
Missiles
 g - 77 stones
 k - 16 poisoned darts
Armour
 b - a +0 scale mail (worn)
 c - a +0 kite shield (worn)
Jewellery
 f - an uncursed ring of flight
Potions
 h - a potion of brilliance


   Skills:
 + Level 3.3 Fighting
 + Level 2.4 Axes
 + Level 2.7 Armour
 + Level 0.1 Dodging
 + Level 0.2 Stealth
 + Level 2.9 Shields


You had 2 spell levels left.
You didn't know any spells.
Your spell library was empty.

Dungeon Overview and Level Annotations

Branches:
Dungeon (2/15)

Altars:


Innate Abilities, Weirdness & Mutations

You are completely covered in rugged brown scales. (AC +3, +7% HP)
You have supernaturally acute eyesight. (SInv)
Armour fits poorly on your strangely shaped body.
You can roll at nearby foes to attack.
You have a long armoured tail.


Message History

The jackal bites you but does no damage.
As you read the scroll labelled VAASCH WAFEJUAG, it crumbles to dust.
It is a scroll of amnesia.
You feel forgetful for a moment. You block the adder's attack.
The jackal bites you but does no damage.
The hobgoblin completely misses you. The adder bites you but does no damage.
You barely miss the jackal. You slash the hobgoblin!
You kill the hobgoblin!
You closely miss the adder. You block the jackal's attack.
The adder barely misses you. The jackal bites you.
* * * LOW HITPOINT WARNING * * *
You block the adder's attack.
As you read the scroll labelled KEJOGGE YDYOCW, it crumbles to dust.
It is a scroll of identify.
f - an uncursed ring of flight You block the jackal's attack.
You block the adder's attack.
The jackal bites you but does no damage.
Items here: )) ††.
The adder bites you.
You die...

,* #,#...#K# *....,,,,..,,,,, ,*
#.#...#.# *#..##**.##****, ,*
#.......# #...##...# *,
,***##.......#### #..).....# *,
,,,,............# #...##,,,* ####
*,**##.)....#...###....#######<..
*,***##...$###..)h.............##
,,**.....S#* ##S##††...#########
*,,*.##.#.,**#..@.....##
*,*,,*#.#.*,#.#..#..###
,,,,,,.,#,,.........#
,,,,*#***,###.####..# ,*,,* *,*
#.,,,...# ,,*,* *,* #***###.#
,**,* ***,*** #.# ,**,* *,,,,,*
#.# ,**,* *,,,,,* #.#


You could see an adder.

Vanquished Creatures
  An ooze (D:2)
  A worm (D:2)
  5 dart slugs
  A ball python (D:1)
  3 bats (D:1)
  A giant cockroach (D:1)
  4 hobgoblins
  3 frilled lizards
  6 goblins (D:1)
  4 kobolds
  5 rats (D:1)
34 creatures vanquished.

Vanquished Creatures (others)
  6 plants (D:1)
6 creatures vanquished.

Grand Total: 40 creatures vanquished

Notes
Turn   | Place    | Note
-------+----------+-------------------------------------------
     0 | D:1      | jlumianski the Palentonga Fighter began the quest for the
                  | Orb.
     0 | D:1      | Reached XP level 1. HP: 20/20 MP: 1/1
   145 | D:1      | Reached XP level 2. HP: 22/27 MP: 2/2
   522 | D:1      | Reached XP level 3. HP: 27/33 MP: 3/3
   613 | D:2      | HP: 1/33 [adder (3)]
   620 | D:2      | Slain by an adder

Illustrated notes

Levels and vault maps discovered:
D:1:      psy_arrival_whirlpool, layout_rooms, serial_forest,
          infiniplex_forest_straight_2, infiniplex_forest_lined_2,
          infiniplex_forest_clump_diagonal, infiniplex_forest_clump_cross,
          infiniplex_forest_lined_4_way, infiniplex_forest_lined_room_3,
          infiniplex_forest_clump_medium, minmay_tetromino_s4
D:2:      layout_loops_cross, grunt_gozag_statues

Action                   || total
-------------------------++-------
Melee: War axe           ||    93
       Tailslap          ||     8
 Abil: Rolling Charge    ||    16
  Use: Potion            ||     3
       Scroll            ||     3
Armor: Scale mail        ||    65
Dodge: Dodged            ||    32
Block: Kite shield       ||    78
